 Dungeon Crawl Stone Soup version 0.21.1-1-g345015f (webtiles) character file.

3352 grindst0ne the Blocker (level 10, -4/72 HPs)
             Began as a Formicid Fighter on Feb 24, 2018.
             Was an Initiate of the Shining One.
             Slain by Grum
             ... wielding a -1 spear
              (14 damage)
             ... on level 8 of the Dungeon.
             The game lasted 00:14:04 (8592 turns).

grindst0ne the Blocker (Formicid Fighter)           Turns: 8592, Time: 00:14:04

Health: -4/72      AC: 11    Str: 21    XL:     10   Next: 22%
Magic:  11/11      EV: 12    Int: 15    God:    the Shining One [......]
Gold:   433        SH:  7    Dex: 16    Spells: 9/9 levels left

rFire    + . .     SeeInvis +   a - +0 war axe
rCold    . . .     Gourm    .   J - +0 buckler {AC+3}
rNeg     . . .     Faith    .   i - +0 chain mail
rPois    +         Spirit   .   (helmet unavailable)
rElec    .         Reflect  .   C - +0 cloak
rCorr    .         Harm     .   z - +0 pair of gloves
MR       +....                  (no boots)
Stlth    ..........             L - amulet of magic regeneration
HPRegen  0.22/turn              g - ring of poison resistance
MPRegen  0.37/turn              I - ring of see invisible

@: brilliant, agile, flying, glowing
A: permanent stasis, dig shafts and tunnels, four strong arms, antennae 3,
deformed body, fire resistance 1, frail 1, MP-powered wands
a: Dig, Shaft Self, Renounce Religion


You were on level 8 of the Dungeon.
You worshipped the Shining One.
The Shining One was noncommittal.
You were not hungry.

You visited 2 branches of the dungeon, and saw 9 of its levels.

You collected 433 gold pieces.

Inventory:

Hand Weapons
 a - a +0 war axe (weapon)
Armour
 c - a +0 shield
 d - a +2 cloak of magic resistance
 i - a +0 chain mail (worn)
 z - a +0 pair of gloves (worn)
 C - a +0 cloak (worn)
 J - a +0 buckler of protection (worn)
Jewellery
 b - an uncursed ring of protection from magic
 g - a ring of poison resistance (left hand)
 m - a +2 ring of strength
 s - an uncursed ring of protection from magic
 B - an uncursed ring of ice
 F - an uncursed ring of wizardry
 I - a ring of see invisible (right hand)
 L - an amulet of magic regeneration (around neck)
Wands
 A - a wand of acid (12)
 D - a wand of random effects (29)
 G - a wand of enslavement (15)
Scrolls
 h - a scroll of remove curse
 k - 4 scrolls of teleportation
 o - a scroll of blinking {unknown}
 p - a scroll of fog {unknown}
 q - 2 scrolls of immolation {unknown}
 r - a scroll of fear {unknown}
 v - a scroll of enchant weapon {unknown}
 w - a scroll of amnesia {unknown}
 y - a scroll of identify {unknown}
 E - 2 scrolls of random uselessness {unknown}
 H - a scroll of enchant armour {unknown}
Potions
 l - a potion of curing
 n - a potion of flight
Comestibles
 f - 7 rations
 K - a chunk of flesh


   Skills:
 + Level 7.9 Fighting
 + Level 6.9 Axes
 + Level 4.9 Armour
 * Level 11.2 Shields
 + Level 2.5 Invocations
 + Level 2.2 Evocations


You had 9 spell levels left.
You didn't know any spells.

Dungeon Overview and Level Annotations

Branches:
Dungeon (8/15)             Temple (1/1) D:6            Lair (0/6) D:8

Altars:
Ashenzari
Cheibriados
Dithmenos
Elyvilon
Fedhas
Gozag
Hepliaklqana
Kikubaaqudgha
Makhleb
Nemelex Xobeh
Okawaru
Qazlal
Ru
Sif Muna
Trog
Uskayaw
Vehumet
Wu Jian
Xom
Yredelemnul
Zin
The Shining One

Shops:
D:6 *   D:7 (

Annotations:
D:8 Grum


Innate Abilities, Weirdness & Mutations

You cannot be hasted, slowed, berserked, paralysed or teleported.
You can dig through walls and to a lower floor.
Your four strong arms can wield two-handed weapons with a shield.
You have a pair of large antennae on your head. (SInv)
Armour fits poorly on your strangely shaped body.
Your flesh is heat resistant. (rF+)
You are frail. (-10% HP)
You expend magic power (3 MP) to strengthen your wands.


Message History

* * * LOW HITPOINT WARNING * * *
It was a potion of mutation.
You feel extremely strange.
You feel frail.
You feel your magical essence link to your wands.
Your body twists and deforms.
You feel resistant to heat. You block Grum's attack.
It was a potion of agility.
You feel agile all of a sudden. Grum hits you with a spear!
* * * LOW HITPOINT WARNING * * *
You closely miss Grum.
Grum is moderately wounded.
Grum hits you but does no damage.
You hit Grum but do no damage.
Grum is moderately wounded.
Grum misses you.
You hit Grum but do no damage.
Grum is moderately wounded.
You block Grum's attack. Grum hits you with a spear!
You die...

.......$.....
#.##............
#.##............
#.##............
#.##............
#.##............
#.##............
###{##g...........
#@#{{.a...........
##g###............
### #............
#............
#............
#............
###............
...............
##.............


You could see Grum.

Vanquished Creatures
  The ghost of inc the Cudgeler, a novice GnCK of Xom (D:8)
  The ghost of Feta the Shield-Bearer, a novice FoFi of the Shining One (D:5)
  The ghost of Baghtru the Skirmisher, an amateur HOFi (D:4)
  Edmund (D:6)
  3 sky beasts (D:5)
  An ogre (D:6)
  A wolf (D:8)
  3 phantoms
  2 centaurs (D:5)
  A big kobold (D:8)
  4 bullfrogs
  2 crimson imps
  2 bullfrog zombies (D:5)
  2 bullfrog skeletons
  4 hounds
  An orc priest (D:5)
  Crazy Yiuf (D:5)
  3 orc wizards
  An iguana (D:7)
  Natasha (twice) (D:3)
  3 hell rats (D:7)
  A worker ant (D:5)
  A worker ant zombie (D:5)
  4 gnolls (D:5)
  5 adders
  8 river rats (D:7)
  2 shadow imps
  An adder skeleton (D:5)
  4 adder zombies (D:5)
  4 worms
  5 dart slugs
  5 leopard geckos
  17 orcs
  3 ball pythons
  6 giant cockroaches
  6 goblins
  7 hobgoblins
  3 jackals (D:5)
  6 quokkas (D:7)
  9 bats
  5 frilled lizards
  A jackal skeleton (D:5)
  A jackal zombie (D:5)
  9 kobolds
  A quokka skeleton (D:5)
  2 quokka zombies
  25 rats
181 creatures vanquished.

Vanquished Creatures (others)
  A howler monkey (D:5)
1 creature vanquished.

Grand Total: 182 creatures vanquished

Notes
Turn   | Place    | Note
-------+----------+-------------------------------------------
     0 | D:1      | grindst0ne the Formicid Fighter began the quest for the Orb.
     0 | D:1      | Reached XP level 1. HP: 18/18 MP: 1/1
   141 | D:1      | Reached XP level 2. HP: 21/24 MP: 2/2
   283 | D:1      | Reached skill level 4 in Shields
   283 | D:1      | Reached XP level 3. HP: 30/30 MP: 3/3
   862 | D:2      | Found a shadowy altar of Dithmenos.
  1144 | D:2      | Reached XP level 4. HP: 23/37 MP: 4/4
  2119 | D:3      | Found a basalt altar of Yredelemnul.
  2312 | D:3      | Reached XP level 5. HP: 42/42 MP: 5/5
  2345 | D:3      | Noticed a phantom
  2370 | D:3      | Killed a phantom
  2370 | D:3      | Reached skill level 5 in Shields
  2383 | D:3      | Reached XP level 6. HP: 35/49 MP: 6/6
  2689 | D:3      | Noticed Natasha
  2696 | D:3      | Killed Natasha
  2931 | D:4      | Noticed Baghtru's ghost (amateur HOFi)
  2934 | D:4      | Noticed a phantom
  2938 | D:4      | Reached skill level 6 in Shields
  3239 | D:3      | Killed a phantom
  3905 | D:3      | Noticed Natasha
  3907 | D:3      | Killed Natasha
  3907 | D:3      | Reached skill level 5 in Fighting
  3907 | D:3      | Reached XP level 7. HP: 49/56 MP: 7/7
  4013 | D:4      | Reached skill level 7 in Shields
  4140 | D:4      | Killed Baghtru's ghost
  4140 | D:4      | Reached XP level 8. HP: 12/64 MP: 8/8
  4702 | D:5      | Entered Level 5 of the Dungeon
  4749 | D:5      | Found a runed door.
  4753 | D:5      | Noticed Crazy Yiuf
  4795 | D:5      | Killed Crazy Yiuf
  4795 | D:5      | Reached skill level 8 in Shields
  4887 | D:5      | Reached skill level 5 in Axes
  4935 | D:5      | Noticed Feta's ghost (novice FoFi)
  5138 | D:5      | Killed Feta's ghost
  5138 | D:5      | Reached skill level 9 in Shields
  5505 | D:4      | Reached XP level 9. HP: 25/71 MP: 9/9
  6007 | D:5      | Reached skill level 10 in Shields
  6475 | D:6      | Found a staircase to the Ecumenical Temple.
  6496 | D:6      | Found Folluill's Serpentskin Sales.
  6660 | D:6      | Found an ancient bone altar of Kikubaaqudgha.
  6675 | D:6      | Noticed Edmund
  6701 | D:6      | Killed Edmund
  6885 | Temple   | Entered the Ecumenical Temple
  7046 | Temple   | Became a worshipper of the Shining One
  7378 | D:7      | Found Cojurchu's Weapon Shoppe.
  7556 | D:7      | Reached skill level 1 in Invocations
  7973 | D:7      | Reached skill level 1 in Evocations
  8454 | D:8      | Found a staircase to the Lair.
  8486 | D:8      | Noticed inc's ghost (novice GnCK)
  8509 | D:8      | Killed inc's ghost
  8509 | D:8      | Reached skill level 11 in Shields
  8509 | D:8      | Reached XP level 10. HP: 39/80 MP: 11/11
  8558 | D:8      | Noticed Grum
  8588 | D:8      | Gained mutation: You are frail. (-10% HP) [potion of mutation]
  8588 | D:8      | Gained mutation: You expend magic power (3 MP) to strengthen your wands. [potion of mutation]
  8588 | D:8      | Gained mutation: Armour fits poorly on your strangely shaped body. [potion of mutation]
  8588 | D:8      | Gained mutation: Your flesh is heat resistant. (rF+) [potion of mutation]
  8592 | D:8      | Slain by Grum

Skill      XL: |  1  2  3  4  5  6  7  8  9 |
---------------+----------------------------+-----
Shields        | 4 5 6 7 9 11 | 11.2
Fighting       | 4 5 6 7 |  7.9
Axes           | 3 4 5 6 |  6.9
Armour         | 4 |  4.9
Invocations    | 2 |  2.5
Evocations     | 2 |  2.2

Action                   |  1- 3 |  4- 6 |  7- 9 | 10-12 || total
-------------------------+-------+-------+-------+-------++-------
Melee: War axe           |   124 |   170 |   501 |    17 ||   812
 Abil: Dig               |       |     4 |     1 |     1 ||     6
Evoke: Wand              |       |       |     1 |       ||     1
  Use: Potion            |       |       |     2 |     7 ||     9
       Scroll            |       |       |     2 |       ||     2
  Eat: Chunk             |     1 |     7 |    11 |     1 ||    20
       Ration            |       |     1 |     1 |       ||     2
Armor: Scale mail        |    43 |       |       |       ||    43
       Chain mail        |    18 |    78 |   174 |    13 ||   283
Dodge: Dodged            |    41 |    45 |   126 |     9 ||   221
Block: Shield            |    78 |    98 |   280 |       ||   456
       Buckler           |       |       |    10 |    10 ||    20
